 Dungeon Crawl Stone Soup version 0.25.0-1-g7eea58d2a3 (webtiles) character file.

Game seed: 8707605122384087322

541 Delamore the Cudgeler (level 7, -3/41 HPs)
             Began as a Gargoyle Fighter on June 13, 2020.
             Killed by divine providence
             ... invoked by an orc priest
              (10 damage)
             ... on level 3 of the Dungeon.
             The game lasted 00:04:34 (3873 turns).

Delamore the Cudgeler (Gargoyle Fighter)            Turns: 3873, Time: 00:04:35

Health: -3/41      AC: 13    Str: 21    XL:     7   Next: 26%
Magic:  7/7        EV:  7    Int:  9    God:
Gold:   152        SH:  9    Dex:  9    Spells: 6/6 levels left

rFire    . . .     SeeInvis .   a - +0 flail
rCold    . . .     Gourm    .   c - +0 kite shield
rNeg     + . .     Faith    .   b - +0 scale mail
rPois    ∞         Spirit   .   (no helmet)
rElec    +         Reflect  .   (no cloak)
rCorr    .         Harm     .   m - +0 pair of gloves
MR       .....                  k - +0 pair of boots
Stlth    ..........             (no amulet)
HPRegen  0.13/turn              p - ring of attention
MPRegen  0.10/turn              (no ring)

@: no status effects
A: negative energy resistance 1, electricity resistance, unbreathing,
petrification resistance, rot immunity, AC +4
a: no special abilities


You were on level 3 of the Dungeon.
You were not hungry.

You visited 1 branch of the dungeon, and saw 4 of its levels.
You also visited: Sewer.

You collected 152 gold pieces.

Inventory:

Hand Weapons
 a - a +0 flail (weapon)
 x - a +0 morningstar
Missiles
 j - 5 curare-tipped darts (quivered)
Armour
 b - a +0 scale mail (worn)
 c - a +0 kite shield (worn)
 k - a +0 pair of boots (worn)
 m - a +0 pair of gloves (worn)
Jewellery
 p - a ring of attention (left hand)
Wands
 s - a wand of flame (14)
Scrolls
 e - 2 scrolls of remove curse
 h - a scroll of immolation
 u - 2 scrolls of teleportation
Potions
 d - a potion of might
 g - a potion of curing
 l - a potion of stabbing {unknown}
 n - a potion of magic
 o - a potion of berserk rage
 r - a potion of cancellation
 v - a potion of haste
Comestibles
 f - 7 rations


   Skills:
 - Level 3.2 Fighting
 + Level 7.8 Maces & Flails
 - Level 3.2 Armour
 - Level 3.2 Shields


You had 6 spell levels left.
You didn't know any spells.
Your spell library was empty.

Dungeon Overview and Level Annotations

Branches:
Dungeon (4/15)              Sewer (visited)
 Temple: D:4-7

Altars:
Ashenzari
Elyvilon
Gozag
Makhleb
Nemelex Xobeh
Ru
Sif Muna
Trog
Wu Jian
The Shining One


Innate Abilities, Weirdness & Mutations

You are resistant to torment.
Your stone body is resilient. (AC +4)
You are immune to poison.
You resist negative energy. (rN+)
You are resistant to electric shocks. (rElec)
You can survive without breathing.
You are immune to petrification.
You are immune to rotting.


Message History

You closely miss the orc priest.
The orc priest is almost dead.
The orc priest hits you but does no damage.
You completely miss the orc priest.
The orc priest is almost dead.
The orc priest hits you but does no damage.
You hit the orc priest but do no damage.
The orc priest is almost dead.
The orc priest completely misses you.
You barely miss the orc priest.
The orc priest is almost dead.
The orc priest calls down the wrath of Beogh upon you.
Pain shoots through your body!
* * * LOW HITPOINT WARNING * * *
The orc priest looks encouraged for a moment.
You hit the orc priest but do no damage.
The orc priest is almost dead.
The orc priest mumbles some strange prayers to Beogh against you.
Beogh smites you!
You die...

.........#
#.#####..#############
..# #..............#
.## #.############.#
## #.# #.....#
.######.# #.#####
8.#.....# #.#
..#.##### #.# ....#
#@# ..### #o# 8.# #.#
.## ... ## ... .#
#...# .# ##### .# .#


You could see an orc priest.

Vanquished Creatures
  2 bullfrogs (Sewer)
  2 orc priests (D:3)
  An orc wizard (D:3)
  An iguana (D:3)
  8 adders
  17 oozes
  An adder skeleton (D:4)
  3 worms
  2 dart slugs
  10 leopard geckos
  10 orcs (D:3)
  13 bats
  11 giant cockroaches
  9 goblins
  7 hobgoblins
  5 jackals
  5 kobolds
  A quokka (D:3)
  13 ball pythons
  17 frilled lizards
  5 rats
143 creatures vanquished.

Vanquished Creatures (others)
  An orc (D:3)
1 creature vanquished.

Grand Total: 144 creatures vanquished

Notes
Turn   | Place    | Note
-------+----------+-------------------------------------------
     0 | D:1      | Delamore the Gargoyle Fighter began the quest for the Orb.
     0 | D:1      | Reached XP level 1. HP: 14/14 MP: 1/1
    43 | D:1      | Reached XP level 2. HP: 14/19 MP: 2/2
    46 | D:1      | Reached skill level 3 in Maces & Flails
   261 | D:1      | Reached XP level 3. HP: 23/23 MP: 3/3
   829 | D:2      | Reached skill level 4 in Maces & Flails
   965 | D:2      | Reached XP level 4. HP: 26/28 MP: 4/4
   986 | D:2      | Found a sacrificial altar of Ru.
  1237 | D:2      | Found a burning altar of Makhleb.
  1240 | D:2      | Found a bloodstained altar of Trog.
  1246 | D:2      | Found a shimmering blue altar of Sif Muna.
  1246 | D:2      | Found a sparkling altar of Nemelex Xobeh.
  1247 | D:2      | Found a glowing golden altar of the Shining One.
  1248 | D:2      | Found a shattered altar of Ashenzari.
  1250 | D:2      | Found a white marble altar of Elyvilon.
  1251 | D:2      | Found an ornate altar of the Wu Jian Council.
  1831 | D:3      | Reached skill level 5 in Maces & Flails
  1831 | D:3      | Reached XP level 5. HP: 10/32 MP: 5/5
  2358 | D:3      | Found an opulent altar of Gozag.
  2438 | D:3      | Reached skill level 6 in Maces & Flails
  2445 | D:3      | Reached XP level 6. HP: 37/37 MP: 6/6
  2901 | D:3      | You fall into a shaft and drop 1 floor!
  2921 | D:4      | Found a glowing drain.
  2953 | Sewer    | Entered a sewer
  3383 | Sewer    | Reached skill level 7 in Maces & Flails
  3477 | Sewer    | Reached XP level 7. HP: 36/41 MP: 7/7
  3873 | D:3      | Killed from afar by an orc priest

Illustrated notes

Levels and vault maps discovered:
D:1:      psy_arrival_spokes, layout_rooms
D:2:      layout_loops_ring, nicolae_overflow_hidden_temple, minitemple
D:3:      layout_loops_ring, grunt_gozag_statues
D:4:      layout_cave_pods, cheibrodos_sewer_entry_bend, first_ration

Skill      XL: |  1  2  3  4  5  6 |
---------------+-------------------+-----
Maces & Flails | 3 4 5 6 7 |  7.8
Fighting       | |  3.2
Armour         | |  3.2
Shields        | |  3.2

Action                   |  1- 3 |  4- 6 |  7- 9 || total
-------------------------+-------+-------+-------++-------
Melee: Flail             |   147 |   448 |    49 ||   644
  Use: Potion            |       |     1 |       ||     1
       Scroll            |       |     7 |     5 ||    12
  Eat: Chunk             |     1 |     9 |     1 ||    11
Armor: Scale mail        |   112 |   260 |    26 ||   398
Dodge: Dodged            |    41 |   153 |    14 ||   208
Block: Kite shield       |    81 |   223 |    13 ||   317
